AoeStats
← vikman85

Arabia

509204223Analyzed
3v3 RM · 5d ago on Sep 25, 2026· 56m 8s· 6 players
Game mode
Random Map
Map size
Normal (6 player)
Population
200
Speed
Normal
Resources
Standard
Victory
Conquest
Starting age
Dark Age
Ending age
Imperial Age
RankedLock teamsTeams togetherTeam positionsShared explorationLock speedFull tech treeHidden civsTurbo modeCheats
Victory
Defeat
🇪🇸 Varangians · Spain
1239
+15
🇪🇸 Danes · Spain
1180
+18
🇪🇸 Magyars · Spain
1174
+18
🇲🇽 Franks · Mexico
1298
-20
🇲🇽 Magyars · Mexico
1210
-17
🇲🇽 Vikings · Mexico
1156
-14
DK_rudyairlines
7:19 Loom
13:25 Feudal Age
13:26 Man-at-Arms
13:56 Arson
17:23 Double-Bit Axe
23:30 Padded Archer Armor
26:20 Castle Age
26:20 Horse Collar
26:59 Scale Mail Armor
27:10 Forging
28:04 Gambesons
28:21 Squires
35:13 Chain Mail Armor
37:08 Iron Casting
37:07 Bow Saw
42:41 Heavy Plow
43:23 Town Watch
51:56 Imperial Age
50:08 Wheelbarrow
53:08 Plate Mail Armor
53:39 Blast Furnace
52:01 Elite Varangian Guard
52:09 Capped Ram
52:47 Gold Mining
53:26 Hand Cart
53:52 Conscription
52:53 Hamask
53:06 Siege Ram
54:31 Siege Engineers
VimaraPeres
8:11 Loom
10:16 Feudal Age
11:01 Double-Bit Axe
16:07 Bloodlines
17:36 Scale Barding Armor
19:00 Horse Collar
22:40 Castle Age
22:46 Light Cavalry
23:53 Chain Barding Armor
24:26 Town Watch
26:50 Bow Saw
28:01 Husbandry
31:02 Wheelbarrow
30:56 Heavy Plow
35:32 Hand Cart
36:11 Gold Mining
36:11 Stone Mining
41:14 Imperial Age
41:22 Cavalier
43:50 Plate Barding Armor
44:48 Two-Man Saw
46:24 Paladin
46:47 Capped Ram
vikman85
9:24 Feudal Age
10:42 Loom
12:37 Horse Collar
15:56 Double-Bit Axe
16:54 Forging
22:36 Castle Age
21:10 Gold Mining
21:57 Bloodlines
21:54 Scale Barding Armor
23:58 Bow Saw
23:51 Heavy Plow
25:18 Husbandry
30:58 Wheelbarrow
31:34 Chain Barding Armor
31:50 Iron Casting
33:03 Stone Mining
39:27 Fletching
40:45 Hand Cart
46:41 Vendel Legacy
51:09 Imperial Age
51:34 Cavalier
52:57 Plate Barding Armor
53:22 Blast Furnace
56:26 Conscription
JhonViper
9:24 Feudal Age
7:39 Loom
10:05 Double-Bit Axe
10:02 Horse Collar
16:52 Scale Barding Armor
24:14 Castle Age
22:33 Bloodlines
24:07 Fletching
25:19 Chain Barding Armor
25:05 Husbandry
26:31 Wheelbarrow
27:00 Bow Saw
26:52 Heavy Plow
27:36 Bodkin Arrow
44:17 Stone Mining
KarlStrange
6:22 Loom
9:15 Feudal Age
10:19 Double-Bit Axe
16:53 Fletching
20:36 Wheelbarrow
25:49 Castle Age
24:07 Gold Mining
26:15 Forging
26:11 Scale Barding Armor
27:06 Husbandry
28:22 Hand Cart
29:17 Gold Shaft Mining
29:47 Chain Barding Armor
31:34 Iron Casting
40:53 Town Watch
41:18 Bodkin Arrow
SirLeinad3455
0:54 Loom
14:28 Feudal Age
25:47 Castle Age
32:13 Horse Collar
35:55 Heavy Plow
35:45 Double-Bit Axe
36:15 Gold Mining
37:31 Bow Saw
37:45 Fletching
38:53 Bodkin Arrow
42:47 Imperial Age
41:48 Scale Mail Armor
42:17 Forging
43:11 Chain Mail Armor
43:56 Iron Casting
45:14 Plate Mail Armor
46:17 Chieftains
48:43 Blast Furnace
49:11 Gold Shaft Mining
49:20 Elite Berserk
Connection lost

Rejoining the realm…

Still unreachable

The connection could not be restored.

Session expired

The server has moved on; the page needs a fresh start.